 Dungeon Crawl Stone Soup version 0.20-a0-12-g90c15da (webtiles) character file.

1164 KingmakerN the Skirmisher (level 8, -2/71 HPs)
             Began as a Minotaur Abyssal Knight on Nov 2, 2016.
             Was a Priest of Lugonu.
             Killed from afar by a wight (7 damage)
             ... with a wand of flame
             ... on level 6 of the Dungeon.
             The game lasted 00:32:22 (4747 turns).

KingmakerN the Skirmisher (Minotaur Abyssal Knight) Turns: 4747, Time: 00:32:22

Health: -2/71      AC: 10    Str: 19    XL:     8   Next: 17%
Magic:  7/8        EV: 11    Int:  9    God:    Lugonu [***...]
Gold:   222        SH:  0    Dex: 10    Spells: 0 memorised, 7 levels left

rFire  . . .     SeeInvis .     J - +0 war axe (freeze)
rCold  . . .     Gourm    .     j - +0 ring mail
rNeg   . . .     Faith    .     (no shield)
rPois  .         Spirit   .     (helmet restricted)
rElec  .         Reflect  .     n - +2 cloak
rCorr  .         Harm     .     (no gloves)
MR     .....                    o - +0 pair of boots
Stlth  ..........               (no amulet)
                                (no ring)
                                (no ring)

@: drained
A: retaliatory headbutt, horns 2
a: Depart the Abyss, Bend Space, Banish, Renounce Religion


You were on level 6 of the Dungeon.
You worshipped Lugonu.
Lugonu was most pleased with you.
You were not hungry.

You visited 2 branches of the dungeon, and saw 7 of its levels.
You visited the Abyss 1 time.

You collected 222 gold pieces.

Inventory:

Hand Weapons
 a - a +1 falchion
 d - a +0 spear
 f - a +0 flail
 g - a cursed -1 hunting sling
 s - a +0 scythe
 u - a +0 mace
 y - a +2 dagger of venom
 F - a +0 shortbow
 I - a +1 flail of protection
 J - a +0 war axe of freezing (weapon)
Missiles
 e - 95 arrows
 i - 17 poisoned needles
 l - 49 bolts
Armour
 b - a +0 leather armour
 j - a +0 ring mail (worn)
 n - a +2 cloak (worn)
 o - a +0 pair of boots (worn)
 C - a +0 scale mail
Jewellery
 G - a cursed amulet of inaccuracy {unknown}
Scrolls
 k - a scroll of teleportation
 m - 6 scrolls of identify
 D - 2 scrolls of remove curse
 H - a scroll of enchant weapon {unknown}
 K - a scroll of amnesia {unknown}
 L - a scroll of fear {unknown}
 M - a scroll of magic mapping {unknown}
Potions
 p - a potion of brilliance {unknown}
 q - 2 potions of degeneration {unknown}
 r - a potion of flight {unknown}
 v - a potion of agility {unknown}
 x - 2 potions of curing {unknown}
 z - a potion of mutation {unknown}
 B - a potion of heal wounds {unknown}
 E - a potion of resistance {unknown}
Comestibles
 c - 4 bread rations
 h - 3 meat rations
 t - 4 fruits
 w - a slice of pizza
 A - a beef jerky


   Skills:
 + Level 6.9(6.0) Fighting
 - Level 6.4(5.6) Long Blades
 * Level 1.4(0.7) Axes
 + Level 6.6(5.7) Armour
 + Level 3.6(2.8) Dodging
 + Level 0.8(0.1) Stealth
 + Level 2.3(1.6) Invocations


You had 7 spell levels left.
You didn't know any spells.

Dungeon Overview and Level Annotations

Branches:
Dungeon (6/15)             Temple (1/1) D:4

Altars:
Ashenzari
Cheibriados
Dithmenos
Elyvilon
Fedhas
Gozag
Hepliaklqana
Kikubaaqudgha
Makhleb
Nemelex Xobeh
Okawaru
Qazlal
Ru
Sif Muna
Trog
Uskayaw
Vehumet
Xom
Yredelemnul
Zin
The Shining One


Innate Abilities, Weirdness & Mutations

You reflexively headbutt those who attack you in melee.
You have a pair of horns on your head.


Message History

The wight hits you with an enchanted morningstar.
You feel drained.
You closely miss the wight.
You headbutt the wight, but do no damage.
The wight is heavily damaged.
You slash the wight! You hit the wight but do no damage.
The wight hits you with a scimitar of freezing!
* * * LOW HITPOINT WARNING * * *
The wight freezes you.
* * * LOW HITPOINT WARNING * * *
The wight closely misses you. The wight hits you but does no damage.
The wight hits you with a scimitar of freezing.
* * * LOW HITPOINT WARNING * * *
The wight freezes you.
* * * LOW HITPOINT WARNING * * *
You aren't in the Abyss!
Space bends around you!
You blink.
* * * LOW HITPOINT WARNING * * *
The wight zaps a wand.
The puff of flame hits you!
You die...

#..>.##
#.####...
#..##..#
#.#....## ...
##.###.#.###
## #.......#
###...###
###...#
###....## .
#......#
######.#..#
..#.#.##.#
#..@.....#
#...#.
#.##..####.###
......##.z..#
#...zz.z###
##.#.##.# #.
.# #. .# #. .#
## .#


You could see 3 wights.

Vanquished Creatures
  Sigmund (D:2)
  A centaur (D:5)
  A wight (D:6)
  A bullfrog zombie (D:5)
  A centaur zombie (D:5)
  2 hounds
  2 bullfrog skeletons (D:5)
  3 orc priests (D:5)
  4 orc wizards
  3 iguanas (D:4)
  Natasha (D:2)
  2 worker ants (D:4)
  A gnoll (D:1)
  6 adders
  A shadow imp (D:4)
  An ooze (D:4)
  An adder skeleton (D:6)
  2 worms
  A dart slug (D:2)
  4 leopard geckos
  16 orcs
  A ball python (D:1)
  7 bats
  3 giant cockroaches
  4 goblins
  9 hobgoblins
  7 jackals
  4 quokkas
  6 frilled lizards
  A jackal skeleton (D:4)
  4 kobolds
  11 rats
112 creatures vanquished.

Vanquished Creatures (others)
  The ghost of jalala the Slasher, a novice HaGl (D:4)
1 creature vanquished.

Grand Total: 113 creatures vanquished

Notes
Turn   | Place    | Note
-------+----------+-------------------------------------------
     0 | Abyss:1  | KingmakerN the Minotaur Abyssal Knight began the quest for the Orb.
     0 | Abyss:1  | Reached XP level 1. HP: 19/19 MP: 1/1
    30 | D:1      | Escaped the Abyss
    54 | D:1      | Reached XP level 2. HP: 20/27 MP: 2/2
    71 | D:1      | Found a shattered altar of Ashenzari.
   995 | D:2      | Found a faded altar of an unknown god.
   995 | D:2      | Reached XP level 3. HP: 34/34 MP: 3/3
   997 | D:2      | Noticed Sigmund
   999 | D:2      | Reached ** piety under Lugonu
  1014 | D:2      | Killed Sigmund
  1014 | D:2      | Reached skill level 5 in Fighting
  1014 | D:2      | Reached XP level 4. HP: 8/42 MP: 4/4
  1014 | D:2      | Reached XP level 5. HP: 9/48 MP: 5/5
  1661 | D:2      | Noticed Natasha
  1665 | D:2      | Killed Natasha
  1940 | D:3      | Reached XP level 6. HP: 40/57 MP: 6/6
  1977 | D:3      | Found a bloodstained altar of Trog.
  2151 | D:3      | Reached *** piety under Lugonu
  2705 | D:4      | Found a staircase to the Ecumenical Temple.
  2720 | Temple   | Entered the Ecumenical Temple
  3052 | D:4      | Reached skill level 5 in Armour
  3222 | D:4      | Found a burning altar of Makhleb.
  3230 | D:4      | Reached skill level 5 in Long Blades
  3230 | D:4      | Reached XP level 7. HP: 56/63 MP: 7/7
  3280 | D:4      | Found a basalt altar of Yredelemnul.
  3295 | D:4      | Noticed jalala's ghost (novice HaGl)
  3311 | D:4      | Banished jalala's ghost
  3484 | D:5      | Entered Level 5 of the Dungeon
  3764 | D:5      | Reached XP level 8. HP: 19/71 MP: 8/8
  4716 | D:6      | Reached skill level 1 in Axes
  4747 | D:6      | Killed from afar by a wight

Vault maps used:
D:1:      evilmike_arrival_hilbert_curve, minmay_misc_feat_doors,
          nicolae_ashenzari_panopticon
D:2:      minmay_diamond_boxcup, ecumenical_altar_2, first_bread, uniq_sigmund,
          uniq_natasha
D:3:      bloody_trog
D:4:      makhleb_blood_cavern_becter, lemuel_doored_altar
D:5:      grunt_ministairs_2
Temple:   compressed_dpeg_circular_temple

Skill      XL: |  1  2  3  4  5  6  7  8 |
---------------+-------------------------+-----
Fighting       | 4 5 6 |  6.9
Long Blades    | 3 5 6 |  6.4
Armour         | 4 5 6 |  6.6
Dodging        | 2 3 |  3.6
Invocations    | 2 |  2.3
Axes           | 1 |  1.4
Stealth        | |  0.8

Action                   |  1- 3 |  4- 6 |  7- 9 || total
-------------------------+-------+-------+-------++-------
Melee: Falchion          |    42 |   143 |    84 ||   269
       Headbutt          |     7 |    23 |    23 ||    53
       War axe           |       |       |    21 ||    21
Invok: Bend Space        |       |       |     2 ||     2
       Banish            |       |       |     1 ||     1
  Use: Scroll            |     6 |       |       ||     6
  Eat: Bread ration      |       |     2 |     1 ||     3
       Chunk             |       |     1 |       ||     1
Armor: Ring mail         |    14 |    47 |     9 ||    70
       Scale mail        |       |    31 |    56 ||    87
Dodge: Dodged            |    33 |    78 |    66 ||   177
       Rpst.: Falchion   |     5 |    28 |    12 ||    45
